AoeStats
← 台北順起來

Arena

511045207Analyzed
3v3 RM · 5h ago on Oct 3, 2026· 68m 27s· 6 players
Game mode
Random Map
Map size
Normal (6 player)
Population
200
Speed
Normal
Resources
Standard
Victory
Conquest
Starting age
Dark Age
Ending age
Imperial Age
RankedLock teamsTeams togetherTeam positionsShared explorationLock speedFull tech treeHidden civsTurbo modeCheats
Victory
Defeat
🇨🇴 Bulgarians · Colombia
1118
+14
🇳🇱 Koreans · Netherlands
1116
+14
🇲🇽 Tatars · Mexico
1036
+18
🇹🇼 Persians · Taiwan
1086
-16
🇹🇼 Saxons · Taiwan
1081
-16
🇹🇼 Danes · Taiwan
1054
-14
sky2551230
7:49 Loom
8:07 Loom
8:46 Loom
10:31 Feudal Age
16:15 Castle Age
14:31 Double-Bit Axe
14:30 Horse Collar
14:42 Gold Mining
20:14 Wheelbarrow
19:46 Husbandry
19:58 Bloodlines
20:33 Scale Barding Armor
21:24 Forging
23:44 Chain Barding Armor
24:53 Hand Cart
29:35 Iron Casting
31:34 Imperial Age
29:21 Bow Saw
29:15 Heavy Plow
30:42 Stone Mining
31:18 Cavalier
32:38 Plate Barding Armor
33:04 Blast Furnace
32:42 Gold Shaft Mining
34:42 Two-Man Saw
33:13 Savar
38:17 Town Watch
39:08 Crop Rotation
38:57 Town Patrol
45:28 Conscription
53:38 Kamandaran
53:33 Fletching
53:44 Padded Archer Armor
54:08 Ballistics
54:49 Chemistry
55:25 Thumb Ring
54:42 Crossbowman
62:33 Bodkin Arrow
62:54 Leather Archer Armor
台北順起來
10:31 Feudal Age
12:36 Loom
14:59 Castle Age
13:04 Double-Bit Axe
13:15 Horse Collar
13:57 Stone Mining
16:01 Bow Saw
15:43 Loom
17:05 Wheelbarrow
17:06 Heavy Plow
22:34 Gold Mining
23:56 Gold Shaft Mining
29:38 Imperial Age
29:58 Gambesons
30:14 Squires
29:59 Arson
30:19 Scale Mail Armor
30:30 Forging
30:39 Hand Cart
30:57 Crop Rotation
31:30 Two-Man Saw
32:04 Siege Engineers
32:37 Capped Ram
36:11 Pikeman
37:14 Fortified Wall
37:01 Clerical Recruitment
38:02 Conscription
37:42 Elite Varangian Guard
39:19 Shield Wall
40:41 Chain Mail Armor
49:37 Siege Ram
50:08 Halberdier
53:09 Onager
56:19 Chemistry
57:38 Arrowslits
58:29 Fletching
59:14 Iron Casting
58:55 Chain Mail Armor
58:37 Elite Skirmisher
58:39 Cranequins
Player Disconnected.
0:30 Loom
9:54 Feudal Age
14:09 Castle Age
16:11 Double-Bit Axe
17:32 Stone Mining
17:55 Horse Collar
21:12 Heavy Plow
21:49 Gold Mining
23:51 Scale Mail Armor
28:30 Imperial Age
27:36 Wheelbarrow
28:42 Chain Mail Armor
29:03 Forging
30:06 Conscription
30:54 Plate Mail Armor
34:15 Ballistics
34:03 Gambesons
34:19 Squires
35:05 Fletching
35:13 Onager
35:39 Elite Varangian Guard
36:07 Arson
37:57 Chemistry
38:11 Siege Onager
39:40 Bow Saw
44:43 Northmen's Fury
57:29 Thumb Ring
57:55 Elite Skirmisher
59:18 Padded Archer Armor
Lia Noe
8:12 Loom
10:29 Feudal Age
14:09 Castle Age
12:11 Double-Bit Axe
12:25 Horse Collar
16:30 Bow Saw
20:13 Wheelbarrow
25:38 Bloodlines
25:30 Husbandry
31:24 Imperial Age
29:12 Hand Cart
29:50 Fletching
30:01 Padded Archer Armor
30:39 Light Cavalry
32:01 Leather Archer Armor
31:42 Bodkin Arrow
33:31 Conscription
33:29 Heavy Cavalry Archer
33:56 Hussar
36:00 Ring Archer Armor
35:30 Bracer
36:32 Chemistry
36:26 Forging
36:22 Scale Barding Armor
37:16 Ballistics
37:42 Iron Casting
37:57 Chain Barding Armor
37:42 Silk Armor
38:14 Elite Keshik
39:47 Heavy Plow
39:39 Gold Mining
41:19 Pikeman
42:46 Plate Barding Armor
43:38 Heavy Camel Rider
45:14 Murder Holes
46:41 Masonry
46:44 Squires
48:01 Elite Skirmisher
52:07 Blast Furnace
54:33 Capped Ram
64:47 Crop Rotation
64:53 Gold Shaft Mining
65:16 Cavalier
ElLorenzuwu
8:38 Loom
10:34 Feudal Age
10:11 Loom
11:10 Double-Bit Axe
11:06 Horse Collar
17:01 Castle Age
15:55 Stone Mining
17:51 Scale Barding Armor
17:57 Forging
19:52 Husbandry
22:06 Town Watch
22:47 Bloodlines
24:01 Chain Barding Armor
24:54 Iron Casting
26:14 Gold Mining
28:49 Wheelbarrow
30:19 Scale Mail Armor
33:03 Imperial Age
32:11 Hand Cart
31:59 Stirrups
34:34 Plate Barding Armor
35:01 Blast Furnace
35:03 Elite Konnik
36:24 Bow Saw
36:00 Capped Ram
37:39 Siege Ram
38:40 Gambesons
38:56 Squires
38:41 Arson
39:52 Hand Cart
40:15 Chain Mail Armor
40:14 Masonry
40:01 Murder Holes
40:49 Bagains
41:14 Conscription
42:09 Plate Mail Armor
46:37 Gold Shaft Mining
46:04 Town Patrol
55:55 Caravan
57:30 Fletching
58:05 Ballistics
58:16 Architecture
58:47 Chemistry
64:10 Light Cavalry
67:40 Hussar
Deer in an Ibex Suit
11:06 Feudal Age
9:21 Loom
15:30 Castle Age
13:55 Horse Collar
15:03 Double-Bit Axe
16:33 Gold Mining
17:50 Wheelbarrow
21:38 Town Watch
22:38 Bow Saw
25:48 Fletching
28:32 Imperial Age
27:04 Hand Cart
28:11 Stone Mining
28:23 Heavy Plow
28:22 Bodkin Arrow
28:50 Ballistics
28:41 Masonry
28:48 Husbandry
29:43 Conscription
30:33 Chemistry
29:38 Bracer
33:21 Thumb Ring
33:49 Caravan
35:39 Eupseong
38:01 Siege Engineers
39:17 Town Patrol
42:04 Elite War Wagon
47:34 Scale Barding Armor
47:40 Forging
49:21 Light Cavalry
50:22 Scale Mail Armor
50:26 Squires
49:47 Pikeman
51:19 Iron Casting
50:21 Hussar
52:02 Halberdier
55:06 Chain Mail Armor
55:11 Chain Barding Armor
57:52 Architecture
57:14 Arrowslits
58:08 Plate Mail Armor
67:38 Spies/Treason
68:45 Fortified Wall
Connection lost

Rejoining the realm…

Still unreachable

The connection could not be restored.

Session expired

The server has moved on; the page needs a fresh start.